 Dungeon Crawl Stone Soup version 0.31-a0-1603-gbec6b6ccbf (webtiles) character file.

Game seed: 10584699459845224075

28 Curundu the Trooper (level 2, 0/27 HPs)
             Began as a Minotaur Berserker on Jan 7, 2024.
             Was a Follower of Trog.
             Killed from afar by Sigmund (5 damage)
             ... with a puff of flame
             ... on level 2 of the Dungeon.
             The game lasted 00:04:48 (887 turns).

Curundu the Trooper (Minotaur Berserker)             Turns: 887, Time: 00:04:48

Health: 0/27       AC:  6    Str: 21    XL:     2   Next: 96%
Magic:  1/1        EV: 11    Int:  4    God:    Trog [*.....]
Gold:   18         SH:  0    Dex:  9    Spells: 1/1 levels left

rFire   . . .        a - +0 hand axe
rCold   . . .        (no shield)
rNeg    . . .        e - +0 ring mail
rPois   .            (helmet restricted)
rElec   .            (no cloak)
rCorr   .            h - +0 pair of gloves
SInv    .            (no boots)
Will    .....        (no amulet) Stlth
                     (no ring)
HPRegen 0.24/turn    (no ring)
MPRegen 0.07/turn

%: no passive effects
@: on berserk cooldown, slowed, very slow
A: horns 2, retaliatory headbutt
a: Renounce Religion, Berserk


You were on level 2 of the Dungeon.
You worshipped Trog.
Trog was aware of your devotion.
You visited 1 branch of the dungeon, and saw 2 of its levels.

You collected 40 gold pieces.
You spent 22 gold pieces at shops.

Inventory:

Hand Weapons
 a - a +0 hand axe (weapon)
Armour
 b - a +0 animal skin
 e - a +0 ring mail (worn)
 h - a +0 pair of gloves (worn)
Jewellery
 d - a ring of positive energy
Scrolls
 c - a scroll of identify
Potions
 f - a potion of might
 g - a potion of mutation
 i - a potion of enlightenment {unknown}


   Skills:
 + Level 4.0 Fighting
 + Level 4.0 Axes
 + Level 3.0 Armour
 + Level 2.7 Dodging


You had one spell level left.
You didn't know any spells.
Your spell library was empty.

Dungeon Overview and Level Annotations

Branches:
Dungeon (2/15)

Altars:

Shops:
D:1 **?

Annotations:
D:2 Sigmund


Innate Abilities, Weirdness & Mutations

You have a pair of horns on your head.
You reflexively headbutt those who attack you in melee.


Message History

You feel a strong urge to attack something.
Something hits you!
You miss something. Your headbutt misses something.
A ball python comes into view.
You barely miss something.
You hear some strange, mumbled words.
A puff of flame appears from out of thin air!
The puff of flame hits you.
You barely miss something. You miss something.
You hear some strange, mumbled words.
A puff of flame appears from out of thin air!
The puff of flame misses you.
You hit something. Your headbutt misses something. Something hits you.
You barely miss something. You slash the ball python!
You kill the ball python!
Trog accepts your kill.
You miss something. Something hits you but does no damage.
You closely miss something. Your headbutt misses something. You hit something.
Something hits you.
You barely miss something. You closely miss something.
You hear some strange, mumbled words.
Something tries to affect you, but you resist.
You slash something! Something hits you.
You barely miss something. Your headbutt misses something. You miss something.
Something hits you.
* * * LOW HITPOINT WARNING * * *
You barely miss something. Your headbutt misses something. You slash something!
Your headbutt misses something. You miss something.
Your headbutt misses something. Something hits you.
* * * LOW HITPOINT WARNING * * *
You miss something.
You are no longer berserk.
You are exhausted.
You feel yourself slow down.
You hear some strange, mumbled words.
A puff of flame appears from out of thin air!
The puff of flame hits you.
You die...

..(# ### #..#
... #..# ...
#..# ... #..#
.>. #..# ...
#..##.#### .#.
#<@{...^.. #.
#........†...###
#.
#.####...##.....
#.### .### #. #
#. #. #.


There were no monsters in sight!

Vanquished Creatures
  2 dart slugs (D:1)
  3 endoplasms (D:1)
  2 goblins (D:1)
  4 hobgoblins
  3 kobolds (D:1)
  3 ball pythons
  2 bats (D:1)
  2 frilled lizards (D:1)
  2 rats (D:1)
23 creatures vanquished.

Notes
Turn   | Place    | Note
-------+----------+-------------------------------------------
     0 | D:1      | Curundu the Minotaur Berserker began the quest for the Orb.
     0 | D:1      | Reached XP level 1. HP: 19/19 MP: 0/0
   104 | D:1      | Reached XP level 2. HP: 27/27 MP: 1/1
   153 | D:1      | Found Tonu Bany's General Store.
   405 | D:1      | Found Jiaceo Pory's Assorted Antiques.
   410 | D:1      | You fall into a shaft and drop 1 floor!
   504 | D:1      | Found Jist's Magic Scroll Shoppe.
   517 | D:1      | Bought a scroll of identify for 22 gold pieces
   862 | D:2      | Noticed Sigmund
   887 | D:2      | Killed from afar by Sigmund

Illustrated notes

Levels and vault maps discovered:
D:1:      ncdulo_lavacross, layout_loops_ring, serial_shops, shop,
          nicolae_shop_waterfront, shop
D:2:      layout_loops_ring, shapermc_ecumenical_altar_mp_vishouse,
          minmay_tetromino_i4, uniq_sigmund, uniq_natasha

Skill      XL: |  1  2 |
---------------+-------+-----
Fighting       | 4 |  4.0
Axes           | 4 |  4.0
Armour         | 3 |  3.0
Dodging        | |  2.7

Action                     || total
---------------------------++-------
  Melee: Hand axe          ||    72
         Headbutt          ||    13
 Invoke: Berserk           ||     1
    Use: Scroll            ||     3
 Armour: Ring mail         ||    40
         Animal skin       ||     6
  Dodge: Dodged            ||    24

Table legend: (Time is in decaauts)
 A = Elapsed time spent in this place.
 B = Non-inter-level travel time spent in this place.
 C = Inter-level travel time spent in this place.
 D = Time resting spent in this place.
 E = Time spent auto-exploring this place.
 F = Levels seen in this place.
 G = Mean time per level.
                   A        B        C        D        E       F      G
               +--------+--------+--------+--------+--------+-----+--------+
         Total |    889 |    889 |      0 |      0 |    571 |   2 |  444.5 |
       Dungeon |    889 |    889 |      0 |      0 |    571 |   2 |  444.5 |
               +--------+--------+--------+--------+--------+-----+--------+

Top non-repeatable levels by time:
     D:1: 825 daAuts
     D:2: 64 daAuts
